 Dungeon Crawl Stone Soup version bcrawl-1.21.3 (webtiles) character file.

Game seed: 15173084630373923296

10793 funkygono the Destroyer (level 11, -1/63 HPs)
             Began as a Fairy Conjurer on Mar 29, 2020.
             Was an Elder of Vehumet.
             Slain by a blink frog (15 damage)
             ... on level 1 of the Lair of Beasts.
             The game lasted 00:36:29 (11076 turns).

funkygono the Destroyer (Fairy Conjurer)           Turns: 11076, Time: 00:36:30

Health: -1/63      AC: 18    Str: 11    XL:     11   Next: 67%
Magic:  2/29       EV: 20    Int: 22    God:    Vehumet [****..]
Gold:   172        SH: 14    Dex: 19    Spells: 15/35 levels left

rFire    + . .     SeeInvis .   a - +2 short sword
rCold    . . .     Gourm    .   y - +1 buckler (curse)
rNeg     . . .     Faith    .   (armour unavailable)
rPois    .         Spirit   .   v - +1 helmet
rElec    .         Reflect  .   c - +2 cloak
rCorr    .         Harm     .   M - +2 pair of gloves {Str+3}
MR       +....                  (no boots)
Stlth    +++.......             (no amulet)
HPRegen  0.20/turn              u - ring "Jiuge" {rF+ AC+4 Dex+6 Stlth+}
MPRegen  0.21/turn              m - +2 ring of strength

@: flying evasively
A: small, magic attunement, unstealthy, unfitting armour, able to fly, AC/SH +6
a: Stop Flying, Renounce Religion


You were on level 1 of the Lair of Beasts.
You worshipped Vehumet.
Vehumet was greatly pleased with you.
You were very hungry.

You visited 3 branches of the dungeon, and saw 12 of its levels.

You collected 797 gold pieces.
You spent 625 gold pieces at shops.

Inventory:

Hand Weapons
 a - a +2 short sword (weapon)
 q - a +1 quarterstaff of speed
Missiles
 f - 2085 stones (quivered)
Armour
 c - a +2 cloak (worn)
 i - a +2 pair of gloves
 v - a +1 helmet (worn)
 y - a cursed +1 buckler (worn)
 K - a +1 hat
 M - a +2 pair of gloves of strength (worn)
Magical Staves
 r - an uncursed staff of death
 A - an uncursed staff of air {unknown}
Jewellery
 d - an uncursed ring of poison resistance
 g - an uncursed ring of ice
 m - a +2 ring of strength (right hand)
 u - the ring "Jiuge" (left hand) {rF+ AC+4 Dex+6 Stlth+}
   (You found it on level 5 of the Dungeon)

   [ring of protection]

   It affects your AC (+4).
   It affects your dexterity (+6).
   It protects you from fire.
   It makes you more stealthy.
 D - an uncursed ring of protection from fire
Wands
 n - a wand of paralysis (7)
 F - a wand of disintegration (8)
 G - a wand of digging (8)
 L - a wand of polymorph (11)
 N - a wand of iceblast (11)
Scrolls
 h - 7 scrolls of teleportation
 p - a scroll of remove curse
 w - a scroll of amnesia
 C - a scroll of torment {unknown}
 J - a scroll of immolation
Potions
 b - a potion of magic
 j - 2 potions of haste
 k - 2 potions of ambrosia
 l - 2 potions of agility
 o - 3 potions of flight
 s - 2 potions of invisibility
 t - a potion of might
 x - a potion of heal wounds
 z - a potion of resistance
 B - 6 potions of curing
 E - a potion of mutation
 H - a potion of berserk rage {unknown}
Comestibles
 e - 27 rations {!d}


   Skills:
 + Level 1.3 Fighting
 + Level 5.1 Dodging
 + Level 3.4 Stealth
 + Level 5.0 Shields
 + Level 12.8 Spellcasting
 + Level 12.8 Conjurations
 * Level 6.0 Fire Magic
 + Level 3.6 Air Magic
 + Level 3.2 Earth Magic
 + Level 4.0 Poison Magic


You had 15 spell levels left.
You knew the following spells:

 Your Spells              Type           Power        Failure   Level  Hunger
a - Magic Dart            Conj           ####         1%          1    None
b - Searing Ray           Conj           ######..     1%          2    None
c - Iskenderun's Mystic   Conj           ######..     1%          3    None
d - Mephitic Cloud        Conj/Pois/Air  #####...     1%          3    None
e - Sandblast             Erth           ####..       1%          1    None
f - Sting                 Conj/Pois      ####         1%          1    None
g - Flame Tongue          Conj/Fire      #####        1%          1    None
h - Stone Arrow           Conj/Erth      #####.       1%          3    None
i - Fireball              Conj/Fire      ######....   1%          5    None

Your spell library contained the following spells:

 Spells                   Type           Power        Failure   Level  Hunger
 Dazzling Spray           Conj/Hex       #####.       1%          3    None
 Flaming Arrows           Chrm/Fire      ####....     1%          2    None
 Conjure Flame            Conj/Fire      ######..     1%          3    None
 Inner Flame              Hex/Fire       N/A          1%          3    None
 Fulminant Prism          Conj/Hex       #####.....   1%          4    None
 Sticky Flame             Conj/Fire      ######..     1%          4    None
 Bolt of Draining         Conj/Necr      #####.....   2%          5    None
 Irradiate                Conj/Tmut      #####.....   2%          5    None
 Swiftness                Chrm/Air       ###.....     3%          2    None
 Animate Skeleton         Necr           N/A          4%          1    None
 Blink Other              Tloc           ##....       4%          1    None
 Pain                     Necr           ##....       4%          1    None
 Spider Form              Tmut/Pois      ###          6%          3    None
 Blink                    Tloc           N/A          7%          2    None
 Call Imp                 Summ           ##....       7%          2    None
 Song of Slaying          Chrm           ##......     7%          2    None
 Beckoning                Tloc           ##........   14%         3    None
 Portal Projectile        Tloc           ##....       14%         3    None
 Regeneration             Chrm/Necr      ##........   14%         3    None
 Vampiric Draining        Necr           ##........   14%         3    None
 Animate Dead             Necr           N/A          43%         4    None
 Force Lance              Tloc           ##......     43%         4    None


Dungeon Overview and Level Annotations

Branches:
Dungeon (10/12)            Temple (1/1) D:5            Lair (1/6) D:8
    Orc (0/1) D:10

Altars:
Ashenzari
Cheibriados
Dithmenos
Elyvilon
Fedhas
Gozag
Lugonu
Makhleb
Nemelex Xobeh
Okawaru
Qazlal
Ru
Sif Muna
Trog
Uskayaw
Vehumet
Wu Jian
Xom
Yredelemnul
Zin
The Shining One
Beogh

Shops:
D:6 [   D:7 ?   D:9 %[%   D:10 [

Annotations:
D:4 1 runed door


Innate Abilities, Weirdness & Mutations

Your spells do not cause hunger and MP costs are reduced by 1.
Your bright wings attract enemies. (Stealth-)
You cannot fit into any form of body armour.
Your shimmering scales are hard and can block incoming attacks. (AC +6, SH +6)
You are small and have problems with some larger weapons.
You can fly continuously.


Message History

(Press . to maintain the ray.)
The crocodile bites you but does no damage.
The blink frog misses you.
The searing ray hits the crocodile!
You kill the crocodile!
Vehumet accepts your kill.
You feel your power returning.
Your Fire Magic skill increases to level 6!
The blink frog hits you!
The blink frog blinks!
Casting: Searing Ray (safe; 1% risk of failure)
Confirm with . or Enter, or press ? or * to list all spells.
Aiming: Magic Dart (safe; 1% risk of failure)
Press: ? - help, Shift-Dir - straight line, f - blink frog
Aim: a blink frog The magic dart hits the blink frog.
The blink frog is lightly wounded.
The blink frog hits you.
* * * LOW HITPOINT WARNING * * *
The blink frog blinks!
The blink frog hits you!
You die...

.. .).♣ ......≈ .......
.#...≈ ### #....≈
...#############.####....≈
.........................P
.....†.†.F....F...........
...†.....@....§...........
.######..§................
#...................
#........†...........
#....................
.....................
......................
..!....................
.####P.###...


You could see 2 blink frogs.

Vanquished Creatures
  A centaur warrior (D:10)
  A two-headed ogre (D:9)
  A cyclops (D:9)
  2 manticores
  A cane toad (Lair:1)
  A gargoyle (D:9)
  A troll (D:10)
  Prince Ribbit (D:7)
  2 hippogriffs (D:9)
  2 blink frogs (Lair:1)
  A wraith (D:10)
  A spriggan (D:9)
  6 yaks (Lair:1)
  2 hungry ghosts
  2 steam dragons
  Menkaure (D:7)
  A crocodile (Lair:1)
  A water moccasin (D:9)
  A black bear (D:7)
  4 orc warriors
  A phantom (D:8)
  3 sky beasts
  5 centaurs
  An ogre (D:8)
  5 big kobolds
  3 bullfrogs
  A wyvern zombie (D:7)
  2 scorpions (D:5)
  5 killer bees (D:10)
  2 crimson imps
  4 centaur zombies
  2 hounds
  7 orc priests
  A jelly (D:8)
  4 centaur skeletons
  An iguana (D:8)
  Terence (D:2)
  10 orc wizards
  7 worker ants
  A hound skeleton (D:9)
  A howler monkey zombie (D:5)
  A howler monkey skeleton (D:10)
  5 adders
  3 shadow imps
  2 adder skeletons (D:5)
  7 worms
  A dart slug (D:6)
  A leopard gecko (D:4)
  46 orcs
  2 bats
  5 giant cockroaches
  4 goblins
  6 hobgoblins
  6 jackals
  5 quokkas
  2 frilled lizards (D:2)
  26 kobolds
  A quokka skeleton (D:5)
  6 rats
229 creatures vanquished.

Notes
Turn   | Place    | Note
-------+----------+-------------------------------------------
     0 | D:1      | funkygono the Fairy Conjurer began the quest for the Orb.
     0 | D:1      | Reached XP level 1. HP: 11/11 MP: 6/6
   178 | D:1      | Reached skill level 5 in Conjurations
   211 | D:1      | Reached XP level 2. HP: 17/17 MP: 7/7
   215 | D:1      | Learned a level 2 spell: Searing Ray
   835 | D:2      | Noticed Terence
   841 | D:2      | Killed Terence
   841 | D:2      | Reached XP level 3. HP: 21/21 MP: 2/9
   954 | D:2      | Learned a level 3 spell: Iskenderun's Mystic Blast
  1305 | D:2      | Reached XP level 4. HP: 27/27 MP: 11/11
  1792 | D:2      | Found a faded altar of an unknown god.
  2078 | D:3      | Noticed a centaur
  2085 | D:3      | Killed a centaur
  2085 | D:3      | Reached XP level 5. HP: 19/31 MP: 11/13
  2344 | D:3      | Noticed a sky beast
  2350 | D:3      | Killed a sky beast
  2350 | D:3      | Reached XP level 6. HP: 26/36 MP: 8/14
  2907 | D:3      | Found a radiant altar of Vehumet.
  2922 | D:3      | Became a worshipper of Vehumet
  3375 | D:3      | Learned a level 3 spell: Mephitic Cloud
  3664 | D:4      | Noticed a sky beast
  3682 | D:4      | Killed a sky beast
  3682 | D:4      | Reached skill level 5 in Spellcasting
  3683 | D:4      | Reached XP level 7. HP: 41/41 MP: 12/16
  3997 | D:4      | Found a runed door.
  4098 | D:4      | Found a glowing golden altar of the Shining One.
  4098 | D:4      | Noticed an angel
  4191 | D:5      | Entered Level 5 of the Dungeon
  4495 | D:5      | Found a staircase to the Ecumenical Temple.
  4506 | Temple   | Entered the Ecumenical Temple
  4727 | D:5      | Reached * piety under Vehumet
  4727 | D:5      | Offered knowledge of Sandblast by Vehumet.
  4727 | D:5      | Reached XP level 8. HP: 43/46 MP: 6/19
  4730 | D:5      | Learned a level 1 spell: Sandblast
  4837 | D:5      | Found a shadowy altar of Dithmenos.
  4891 | D:5      | Got a translucent bronze ring
  5151 | D:5      | Identified the ring "Jiuge" {rF+ AC+4 Dex+6 Stlth+} (You
                  | found it on level 5 of the Dungeon)
  5318 | D:6      | Found Qurrir's Antique Armour Shoppe.
  5327 | D:6      | Bought a shiny buckler for 157 gold pieces
  5821 | D:6      | Found an iron altar of Okawaru.
  5823 | D:6      | Found a burning altar of Makhleb.
  5908 | D:7      | Noticed Prince Ribbit
  5915 | D:7      | Killed Prince Ribbit
  5915 | D:7      | Reached skill level 1 in Earth Magic
  5975 | D:7      | Reached skill level 10 in Conjurations
  5975 | D:7      | Reached skill level 1 in Poison Magic
  5991 | D:7      | Reached skill level 1 in Air Magic
  6189 | D:7      | Found Baohurghe's Magic Scroll Shoppe.
  6195 | D:7      | Bought a scroll of enchant armour for 105 gold pieces
  6195 | D:7      | Bought a scroll of enchant armour for 105 gold pieces
  6360 | D:7      | Reached XP level 9. HP: 42/51 MP: 19/23
  6408 | D:7      | Noticed Menkaure
  6415 | D:7      | Killed Menkaure
  6760 | D:7      | Found a shadowy altar of Dithmenos.
  6760 | D:7      | Found a shimmering blue altar of Sif Muna.
  7167 | D:8      | Found a staircase to the Lair.
  7244 | D:8      | Reached skill level 1 in Fighting
  7490 | D:8      | Identified Eric's Guide on Dislocated Boosts
  7540 | D:8      | Reached skill level 1 in Shields
  7574 | D:8      | Reached ** piety under Vehumet
  7867 | D:9      | Offered knowledge of Sting by Vehumet.
  7867 | D:9      | Reached skill level 10 in Spellcasting
  7870 | D:9      | Learned a level 1 spell: Sting
  8018 | D:9      | Found a blossoming altar of Fedhas.
  8036 | D:9      | Learned a level 1 spell: Flame Tongue
  8114 | D:9      | Reached XP level 10. HP: 56/58 MP: 23/26
  8258 | D:9      | Found Docyxza's Food Emporium.
  8364 | D:9      | Reached skill level 1 in Fire Magic
  8614 | D:9      | Noticed a cyclops
  8619 | D:9      | Noticed a manticore
  8624 | D:9      | Killed a manticore
  8646 | D:9      | Noticed a gargoyle
  8656 | D:9      | Killed a gargoyle
  8657 | D:9      | Killed a cyclops
  8855 | D:9      | Noticed a two-headed ogre
  8892 | D:9      | Killed a two-headed ogre
  8896 | D:9      | Offered knowledge of Stone Arrow by Vehumet.
  8901 | D:9      | Learned a level 3 spell: Stone Arrow
  9091 | D:9      | Found Oceur's Armour Emporium.
  9099 | D:9      | Bought a +2 pair of gloves of strength for 258 gold pieces
  9145 | D:9      | Found Fag Bifo's Food Shop.
  9277 | D:9      | Reached XP level 11. HP: 63/63 MP: 24/28
  9340 | D:9      | Learned a level 5 spell: Fireball
  9376 | D:10     | Entered Level 10 of the Dungeon
  9408 | D:10     | Found Nilijokk's Armour Boutique.
  9473 | D:10     | Reached *** piety under Vehumet
  9734 | D:10     | Found a staircase to the Orcish Mines.
  9743 | D:10     | Offered knowledge of Dazzling Spray by Vehumet.
  9766 | D:10     | Found a roughly hewn altar of Beogh.
 10086 | D:10     | Noticed a centaur warrior
 10108 | D:10     | Killed a centaur warrior
 10108 | D:10     | Reached skill level 5 in Fire Magic
 10426 | D:10     | Noticed a manticore
 10429 | D:10     | Killed a manticore
 10994 | Lair:1   | Entered Level 1 of the Lair of Beasts
 11041 | Lair:1   | Reached skill level 5 in Dodging
 11049 | Lair:1   | Reached skill level 5 in Shields
 11063 | Lair:1   | Reached **** piety under Vehumet
 11076 | Lair:1   | Slain by a blink frog

Skill      XL: |  1  2  3  4  5  6  7  8  9 10 11 |
---------------+----------------------------------+-----
Conjurations   | 5 6 7 8 9 10 11 12 | 12.8
Spellcasting   | 3 4 5 6 8 10 11 12 | 12.8
Dodging        | 3 4 5 |  5.1
Stealth        | 2 3 |  3.4
Earth Magic    | 2 3 |  3.2
Poison Magic   | 1 2 3 4 |  4.0
Air Magic      | 1 2 3 |  3.6
Fighting       | 1 |  1.3
Shields        | 2 4 5 |  5.0
Fire Magic     | 4 6 |  6.0

Action                   |  1- 3 |  4- 6 |  7- 9 | 10-12 || total
-------------------------+-------+-------+-------+-------++-------
Melee: Short sword       |       |       |     1 |     3 ||     4
 Cast: Magic Dart        |    44 |    52 |   155 |   120 ||   371
       Searing Ray       |     6 |    12 |    30 |    31 ||    79
       Iskenderun's Myst |       |     3 |     9 |       ||    12
       Mephitic Cloud    |       |     2 |    27 |    20 ||    49
       Sandblast         |       |       |    21 |       ||    21
       Sting             |       |       |     2 |     3 ||     5
       Flame Tongue      |       |       |       |    11 ||    11
       Fireball          |       |       |       |    32 ||    32
       Stone Arrow       |       |       |       |     4 ||     4
  Use: Scroll            |     4 |     8 |    11 |     4 ||    27
       Potion            |       |       |       |     1 ||     1
  Eat: Chunk             |     1 |     7 |     5 |     6 ||    19
       Ration            |       |       |     3 |       ||     3
Armor: Skin              |     1 |     5 |     6 |    27 ||    39
Dodge: Dodged            |     6 |    13 |    48 |    59 ||   126
Block: Other             |       |     2 |    10 |       ||    12
       Buckler           |       |       |    19 |    81 ||   100
